 Dungeon Crawl Stone Soup version 0.18-a0-822-gb52b7b4 (webtiles) character file.

841 Raultor the Cudgeler (level 7, -1/54 HPs)
             Began as a Demonspawn Gladiator on Dec 16, 2015.
             Was an Initiate of Qazlal.
             Slain by a gnoll
             ... wielding a +0 spear
              (2 damage)
             ... on level 5 of the Dungeon.
             The game lasted 00:14:09 (4878 turns).

Raultor the Cudgeler (Demonspawn Gladiator)         Turns: 4878, Time: 00:14:09

Health: -1/54      AC:  8    Str: 15    XL:     7   Next: 67%
Magic:  0/9        EV: 13    Int: 10    God:    Qazlal [......]
Gold:   155        SH:  0    Dex: 15    Spells: 0 memorised, 6 levels left

rFire  + . .     SeeInvis .     a - +0 flail
rCold  x . .     Gourm    .     I - +0 ring mail
rNeg   . . .     Faith    .     (no shield)
rPois  .         Spirit   +     c - +0 helmet
rElec  .         Dismiss  .     i - +0 cloak
rCorr  .         Reflect  .     (no gloves)
SustAt .         Harm     .     (no boots)
MR     .....                    p - amulet of guardian spirit {Spirit}
Stlth  +.........               (no ring)
                                s - ring of fire {rF+, rC-}

@: not resistant to hostile enchantments, very unstealthy
A: talons 2, molten scales 1, powered by death 1
a: Renounce Religion


You were on level 5 of the Dungeon.
You worshipped Qazlal.
Qazlal was noncommittal.
You were not hungry.

You visited 2 branches of the dungeon, and saw 6 of its levels.

You collected 155 gold pieces.

Inventory:

Hand Weapons
 a - a +0 flail (weapon)
 v - a +0 whip
   (You took it off an orc on level 3 of the Dungeon)
Missiles
 d - 3 throwing nets {=f, !d}
 e - 10 tomahawks (quivered)
Armour
 c - a +0 helmet (worn)
 i - a +0 cloak (worn)
   (You found it on level 1 of the Dungeon)
 I - a +0 ring mail (worn)
   (You found it on level 5 of the Dungeon)
Jewellery
 p - an amulet of guardian spirit (around neck) {Spirit}
   (You found it on level 1 of the Dungeon)
 s - a ring of fire (left hand) {rF+, rC-}
   (You found it on level 2 of the Dungeon)
Wands
 b - a wand of fireball (4)
   (You took it off Sigmund on level 5 of the Dungeon)
 E - a wand of paralysis (15)
   (You found it on level 4 of the Dungeon)
Scrolls
 g - 4 scrolls of remove curse
 j - 5 scrolls of identify
 m - a scroll of enchant weapon {unknown}
 n - 2 scrolls of recharging {unknown}
 t - a scroll of blinking {unknown}
 w - 2 scrolls of enchant armour {unknown}
 y - 2 scrolls of immolation {unknown}
 A - a scroll of fear {unknown}
 D - a scroll of teleportation {unknown}
 G - 2 scrolls of amnesia {unknown}
Potions
 h - a potion of cure mutation {!q}
 l - a potion of agility
 r - a potion of poison {!q}
 u - a potion of curing {unknown}
 z - a potion of degeneration {unknown}
 B - a potion of lignification {unknown}
Books
 H - a book of Geomancy
   (You found it on level 5 of the Dungeon)
Comestibles
 f - 3 bread rations {@e1}
 k - 5 meat rations {@e2}
 x - 2 slices of pizza
 C - 3 fruits
 F - 3 chunks of flesh {@w0}


   Skills:
 + Level 4.2 Fighting
 * Level 5.8 Maces & Flails
 - Level 1.7 Throwing
 + Level 2.6 Armour
 + Level 4.2 Dodging
 + Level 2.7 Invocations


You had 6 spell levels left.
You didn't know any spells.

Dungeon Overview and Level Annotations

Branches:
Dungeon (5/15)             Temple (1/1) D:4

Altars:
Elyvilon
Fedhas
Okawaru
Qazlal
Ru
Trog
Vehumet
Xom
Yredelemnul
Zin
The Shining One


Innate Abilities, Weirdness & Mutations

You have razor-sharp toenails.
You are partially covered in molten scales (AC +1).
You regenerate a little health from kills.


Message History

You are too injured to fight recklessly!
You sock the centaur! You claw the centaur, but do no damage.
The centaur hits you. x2
You take 2 damage, and have 29/54 hp.
You closely miss the centaur. The centaur closely misses you.
You hit the centaur but do no damage. The centaur hits you.
The centaur barely misses you.
You take 4 damage, and have 25/54 hp.
You now have 5/8 mp.
You hit the centaur but do no damage. The centaur hits you.
The centaur hits you but does no damage.
You now have 4/8 mp.
You closely miss the centaur.
The centaur hits you but does no damage.
You sock the centaur!
You kill the centaur!
Qazlal accepts your kill.
Things that are here:
an uncursed shortbow; 16 arrows You start resting.
You feel less regenerative.
You regained 11 hp, and now have 39/54 hp.
You start resting.
Health restored: 54; MP restored: 9 You open the door. 3 gnolls and a gnoll shaman come into view.
The gnoll shaman shouts!
The gnoll shouts!
The gnoll shouts!
A gnoll comes into view. It is wielding a spear.
The gnoll shouts!
You closely miss the gnoll. The gnoll hits you with a club.
You take 2 damage, and have 52/54 hp.
You hit the gnoll. You claw the gnoll. The gnoll hits you but does no damage.
You barely miss the gnoll. Your kick misses the gnoll.
The gnoll barely misses you. The gnoll hits you but does no damage.
You barely miss the gnoll. You claw the gnoll, but do no damage.
The gnoll hits you with a whip.
You take 3 damage, and have 49/54 hp.
You now have 8/9 mp.
You hit the gnoll. You claw the gnoll, but do no damage.
The gnoll hits you but does no damage. The gnoll barely misses you.
You hit the gnoll.
The gnoll shaman hits you but does no damage.
The gnoll hits you but does no damage. The gnoll barely misses you.
The gnoll hits you from afar with a spear!
You take 7 damage, and have 43/54 hp.
You now have 7/9 mp.
You closely miss the gnoll. You claw the gnoll.
The gnoll shaman hits you with a club. The gnoll barely misses you.
The gnoll closely misses you.
The gnoll hits you from afar with a spear.
You take 4 damage, and have 39/54 hp.
You now have 5/9 mp.
You hit the gnoll. Your kick misses the gnoll.
The gnoll shaman barely misses you. The gnoll barely misses you.
The gnoll closely misses you. The gnoll hits you with a club.
The gnoll shaman hits you with a club.
You take 6 damage, and have 33/54 hp.
You closely miss the gnoll. You claw the gnoll, but do no damage.
The gnoll hits you but does no damage. The gnoll closely misses you.
The gnoll barely misses you. The gnoll shaman misses you.
You sock the gnoll!
You kill the gnoll!
Qazlal accepts your kill. The gnoll hits you but does no damage.
The gnoll shaman calls upon its god to heal the gnoll.
The gnoll is healed somewhat.
You closely miss the gnoll. You claw the gnoll, but do no damage.
The gnoll misses you. The gnoll hits you with a club.
The gnoll shaman hits you but does no damage.
You take 3 damage, and have 32/54 hp.
You hit the gnoll. The gnoll hits you but does no damage.
The gnoll hits you from afar with a spear.
The gnoll closely misses you. The gnoll shaman completely misses you.
You take 2 damage, and have 30/54 hp.
You hit the gnoll. The gnoll hits you but does no damage.
The gnoll hits you with a club! The gnoll barely misses you.
The gnoll shaman closely misses you.
You take 4 damage, and have 26/54 hp.
You now have 5/9 mp.
You sock the gnoll! You claw the gnoll, but do no damage.
The gnoll barely misses you. The gnoll hits you with a club.
The gnoll closely misses you. The gnoll shaman barely misses you.
The gnoll hits you from afar with a spear.
You take 6 damage, and have 20/54 hp.
You now have 4/9 mp.
You hit the gnoll but do no damage. You claw the gnoll, but do no damage.
The gnoll completely misses you. The gnoll closely misses you.
The gnoll shaman calls upon its god to heal the gnoll.
The gnoll is healed somewhat.
The gnoll misses you.
You hit the gnoll but do no damage. You claw the gnoll, but do no damage.
The gnoll hits you but does no damage. The gnoll hits you with a club.
The gnoll shaman hits you but does no damage.
The gnoll hits you from afar with a spear!
* * * LOW HITPOINT WARNING * * *
You take 8 damage, and have 13/54 hp.
You now have 3/9 mp.
You hit the gnoll. The gnoll closely misses you.
The gnoll completely misses you. The gnoll hits you but does no damage.
The gnoll shaman hits you with a club.
* * * LOW HITPOINT WARNING * * *
You take 4 damage, and have 9/54 hp.
You now have 2/9 mp.
You closely miss the gnoll. You claw the gnoll.
You feel less regenerative. The gnoll hits you with a club!
* * * LOW HITPOINT WARNING * * *
The gnoll hits you from afar with a spear.
You die...

..........#.........#
..g.......#.........#
..........#.........#
...g......#.........#
....... #.........#
.g.. #.........#
###'####.........#
#....g@.(........#
#.).ggg(.(.......#
#................#
#................#
#................#
#................#
..................#
....^.....########


You could see a gnoll shaman and 3 gnolls.

Vanquished Creatures
  Sigmund (D:5)
  An ice beast (D:2)
  A centaur (D:5)
  A scorpion (D:4)
  2 hounds
  A centaur skeleton (D:5)
  Natasha (thrice) (D:4)
  2 orc wizards (D:4)
  3 worker ants
  A hound skeleton (D:4)
  4 adders
  2 gnolls
  An adder skeleton (D:4)
  5 worms
  3 giant geckos
  21 orcs
  9 bats
  3 giant cockroaches
  4 goblins
  10 hobgoblins
  12 jackals
  7 kobolds
  A quokka (D:2)
  3 ball pythons
  A giant gecko skeleton (D:4)
  3 giant newts
  14 rats
119 creatures vanquished.

Notes
Turn   | Place    | Note
--------------------------------------------------------------
     0 | D:1      | Raultor the Demonspawn Gladiator began the quest for the Orb.
     0 | D:1      | Reached XP level 1. HP: 16/16 MP: 1/1
    38 | D:1      | HP: 2/16 [hobgoblin/tomahawk (5)]
   345 | D:1      | Reached skill level 3 in Maces & Flails
   345 | D:1      | Gained mutation: You regenerate a little health from kills. [demonic ancestry]
   345 | D:1      | Reached XP level 2. HP: 22/22 MP: 2/2
   855 | D:2      | Reached skill level 3 in Dodging
   855 | D:2      | Reached XP level 3. HP: 24/28 MP: 1/3
  1350 | D:2      | Gained mutation: You are partially covered in molten scales (AC +1). [demonic ancestry]
  1350 | D:2      | Reached XP level 4. HP: 34/34 MP: 4/4
  1476 | D:2      | Reached skill level 3 in Fighting
  2085 | D:3      | Reached skill level 4 in Maces & Flails
  2436 | D:3      | Reached XP level 5. HP: 41/41 MP: 1/5
  2568 | D:3      | Noticed an ice beast
  2591 | D:2      | Killed an ice beast
  2591 | D:2      | Reached skill level 1 in Armour
  2963 | D:4      | HP: 6/41 [scorpion (7)]
  2964 | D:4      | Gained mutation: You have sharp toenails. [demonic ancestry]
  2964 | D:4      | Reached XP level 6. HP: 6/47 MP: 1/6
  3012 | D:4      | HP: 11/47 [hound (2)]
  3016 | D:4      | HP: 4/47 [hound (2)]
  3430 | D:4      | Reached skill level 5 in Maces & Flails
  3741 | D:4      | Noticed Natasha
  3752 | D:4      | Killed Natasha
  3752 | D:4      | Reached skill level 2 in Armour
  3792 | D:4      | Noticed Natasha
  3801 | D:4      | Killed Natasha
  3955 | D:4      | Found a staircase to the Ecumenical Temple.
  3984 | Temple   | Entered the Ecumenical Temple
  4025 | Temple   | Became a worshipper of Qazlal Stormbringer
  4126 | D:4      | Noticed Natasha
  4133 | D:4      | Killed Natasha
  4397 | D:5      | Entered Level 5 of the Dungeon
  4416 | D:5      | Reached skill level 1 in Invocations
  4483 | D:5      | Noticed Sigmund
  4491 | D:4      | Found a basalt altar of Yredelemnul.
  4601 | D:5      | Gained mutation: You have razor-sharp toenails. [demonic ancestry]
  4601 | D:5      | Reached XP level 7. HP: 38/53 MP: 5/8
  4676 | D:5      | Killed Sigmund
  4676 | D:5      | Reached skill level 4 in Fighting
  4676 | D:5      | Reached skill level 4 in Dodging
  4676 | D:5      | Reached skill level 2 in Invocations
  4876 | D:5      | HP: 13/54 [gnoll/spear (6)]
  4878 | D:5      | HP: 1/54 [gnoll/club (8)]
  4878 | D:5      | Slain by a gnoll

Vault maps used:
D:1:      onia_arrival_mini_spirals
D:2:      first_bread, minmay_ruptured
D:3:      minmay_bad_closet
D:4:      nicolae_overflow_hidden_temple, minmay_temple_entry_nine_rooms,
          uniq_natasha
D:5:      basic_altar, kennysheep_generic_room_9, uniq_sigmund, uniq_eustachio
Temple:   eino_wide_crystal_templ_10

Action                   |  1- 3 |  4- 6 |  7- 9 || total
-------------------------+-------+-------+-------++-------
Melee: Flail             |   129 |   229 |    36 ||   394
       Whip              |       |    92 |       ||    92
  Use: Potion            |       |     1 |     5 ||     6
       Scroll            |       |     1 |       ||     1
 Stab: Sleeping          |       |     1 |     1 ||     2
  Eat: Chunk             |     2 |    10 |     1 ||    13

Vault maps used:
D:1:      onia_arrival_mini_spirals
D:2:      first_bread, minmay_ruptured
D:3:      minmay_bad_closet
D:4:      nicolae_overflow_hidden_temple, minmay_temple_entry_nine_rooms,
          uniq_natasha
D:5:      basic_altar, kennysheep_generic_room_9, uniq_sigmund, uniq_eustachio
Temple:   eino_wide_crystal_templ_10

Table legend:
 A = Turns spent in this place as a percentage of turns spent in the entire game.
 B = Non-inter-level travel turns spent in this place as a percentage of non-inter-level travel turns spent in the entire game.
 C = Inter-level travel turns spent in this place as a percentage of turns spent in this place.
 D = Turns resting spent in this place as a percentage of non-inter-level travel turns spent in this place.
 E = Turns spent auto-exploring this place as a percentage of non-inter-level travel turns spent in this place.
 F = Non-inter-level travel turns spent in this place divided by the number of levels of this place that you've seen.
                   A       B       C       D       E      F
               +-------+-------+-------+-------+-------+----------------------
         Total | 100.0 | 100.0 |   1.3 |   2.3 |  11.7 | 192.0
       Dungeon |  98.5 |  98.6 |   1.2 |   2.4 |  11.2 | 227.2
        Temple |   1.5 |   1.4 |   5.9 |   0.0 |  50.0 |  16.0
               +-------+-------+-------+-------+-------+----------------------

Table legend:
 A = Kills in this place as a percentage of kills in entire the game.
 B = Kills by you in this place as a percentage of kills by you in the entire game.
 C = Kills by friends in this place as a percentage of kills by friends in the entire game.
 D = Other kills in this place as a percentage of other kills in the entire game.
 E = Experience gained in this place as a percentage of experience gained in the entire game.
 F = Experience gained in this place divided by the number of levels of this place that you have seen.
                   A       B       C       D       E      F
               +-------+-------+-------+-------+-------+----------------------
         Total | 100.0 | 100.0 |  -nan |  -nan | 100.0 | 200.3
       Dungeon | 100.0 | 100.0 |  -nan |  -nan | 100.0 | 240.4
               +-------+-------+-------+-------+-------+----------------------
